 Dungeon Crawl Stone Soup version 0.29-a0-384-g6960b1960d (webtiles) character file.

Game seed: 9813269246238274233

2 gimp the Skirmisher (level 1, -1/17 HPs)
             Began as a Formicid Wanderer on May 7, 2022.
             Slain by a dart slug (3 damage)
             ... on level 1 of the Dungeon.
             The game lasted 00:00:24 (87 turns).

gimp the Skirmisher (Formicid Wanderer)               Turns: 87, Time: 00:00:24

Health: -1/17      AC:  3    Str: 14    XL:     1   Next: 44%
Magic:  3/3        EV: 11    Int: 12    God:
Gold:   0          SH:  0    Dex: 11    Spells: 3/4 levels left

rFire   . . .      SeeInvis +   a - +0 club
rCold   . . .      Faith    .   (no shield)
rNeg    . . .      Spirit   .   c - +0 leather armour
rPois   .          Reflect  .   (helmet unavailable)
rElec   .          Harm     .   (no cloak)
rCorr   .          Rampage  .   (no gloves)
Will    .....                   (no boots)
Stlth   +.........              (no amulet)
HPRegen 0.05/turn               (no ring)
MPRegen 0.08/turn               (no ring)

@: no status effects
A: permanent stasis, dig shafts and tunnels, antennae 3, four strong arms
a: Dig, Shaft Self


You were on level 1 of the Dungeon.
You visited 1 branch of the dungeon, and saw 1 of its levels.

Inventory:

Hand Weapons
 a - a +0 club (weapon)
Armour
 c - a +0 leather armour (worn)
Scrolls
 d - a scroll of vulnerability
Potions
 b - a potion of curing


   Skills:
 + Level 2.5 Fighting
 - Level 1.1 Armour
 - Level 2.1 Spellcasting
 - Level 1.7 Translocations
 - Level 2.4 Air Magic


You had 3 spell levels left.
You knew the following spells:

 Your Spells              Type           Power      Damage    Failure   Level
a - Apportation           Tloc           10%        N/A       16%         1

Your spell library contained the following spells:

 Spells                   Type           Power      Damage    Failure   Level
 Poisonous Vapours        Pois/Air       8%         N/A       30%         2
 Static Discharge         Conj/Air       4%         N/A       30%         2
 Passage of Golubria      Tloc           5%         N/A       85%         4
 Iskenderun's Mystic Bla  Conj/Tloc      3%         2d3       92%         4


Dungeon Overview and Level Annotations

Branches:
Dungeon (1/15)

Altars:


Innate Abilities, Weirdness & Mutations

You cannot be hasted, slowed, berserked, paralysed or teleported.
You can dig through walls and to a lower floor.
You have a pair of large antennae on your head. (SInv)
Your four strong arms can wield two-handed weapons with a shield.


Message History

The hobgoblin barely misses you. The hobgoblin closely misses you.
You hit the hobgoblin.
You kill the hobgoblin!
You hit the endoplasm but do no damage. The endoplasm freezes you.
You are frozen.
You take 2 damage, and have 12/17 hp.
You hit the endoplasm.
The endoplasm is moderately wounded.
The endoplasm freezes you.
You are frozen.
The endoplasm closely misses you.
You completely miss the endoplasm. The endoplasm freezes you.
You are frozen.
You take 3 damage, and have 9/17 hp.
You hit the endoplasm.
The endoplasm is heavily wounded.
The endoplasm hits you but does no damage.
You hit the endoplasm.
You kill the endoplasm!
The dart slug launches a dart at you. The slug dart hits you.
You take 2 damage, and have 7/17 hp.
The dart slug launches a dart at you. The slug dart hits you.
* * * LOW HITPOINT WARNING * * *
You see here a hobgoblin corpse.
You take 4 damage, and have 3/17 hp.
MASSIVE DAMAGE!!
You hit the dart slug.
The dart slug is heavily wounded.
You hit the dart slug but do no damage.
The dart slug is heavily wounded.
The dart slug launches a dart at you. The slug dart hits you.
* * * LOW HITPOINT WARNING * * *
You take 1 damage, and have 2/17 hp.
You hit the dart slug.
The dart slug is severely wounded.
The dart slug bites you.
You die...

#.....#.#.#......#...gJ......
#.###.#.#.#.####.#.##........
#.#<..#.#.#.#..#.#...........
#.#####.#.#.#.##.#.##..###..
#.......#.#.#....#...........
#######.#.#.######.##...##...
..(................##....# {.
#.##############w#.##..#.#
#@#.....w... #.####..##...
#.# #..# ... #.# ..# ..# ###
{


You could see a dart slug.

Vanquished Creatures
  An endoplasm (D:1)
  A hobgoblin (D:1)
2 creatures vanquished.

Notes
Turn   | Place    | Note
-------+----------+-------------------------------------------
     0 | D:1      | gimp the Formicid Wanderer began the quest for the Orb.
     0 | D:1      | gimp set off with the following items: a +0 club, a potion
                  | of curing, a +0 leather armour, a scroll of vulnerability;
                  | and the following spell memorised: Apportation; and the
                  | following spells available to memorise: Poisonous Vapours,
                  | Static Discharge, Passage of Golubria, Iskenderun's Mystic
                  | Blast
     0 | D:1      | Reached XP level 1. HP: 16/16 MP: 3/3
    87 | D:1      | Slain by a dart slug

Illustrated notes

Levels and vault maps discovered:
D:1:      matt_arrival_spirals, layout_basic,
          shapermc_ecumenical_altar_mp_urbaneastern, nrook_uturn,
          roderic_serpentine_path

Action                   || total
-------------------------++-------
Melee: Club              ||    13
Armor: Leather armour    ||     2
Dodge: Dodged            ||     5

Table legend: (Time is in decaauts)
 A = Elapsed time spent in this place.
 B = Non-inter-level travel time spent in this place.
 C = Inter-level travel time spent in this place.
 D = Time resting spent in this place.
 E = Time spent auto-exploring this place.
 F = Levels seen in this place.
 G = Mean time per level.
                   A        B        C        D        E       F      G
               +--------+--------+--------+--------+--------+-----+--------+
         Total |     90 |     90 |      0 |      0 |     59 |   1 |   90.0 |
       Dungeon |     90 |     90 |      0 |      0 |     59 |   1 |   90.0 |
               +--------+--------+--------+--------+--------+-----+--------+

Top non-repeatable levels by time:
     D:1: 90 daAuts
